 Dungeon Crawl Stone Soup version 0.28.0 (webtiles) character file.

Game seed: 2637284041636919361

29 oldriver the Skirmisher (level 3, 0/30 HPs)
             Began as a Formicid Abyssal Knight on Feb 11, 2022.
             Was a Follower of Lugonu.
             Slain by a hobgoblin (4 damage)
             ... on level 2 of the Dungeon.
             The game lasted 00:01:35 (1450 turns).

oldriver the Skirmisher (Formicid Abyssal Knight)   Turns: 1450, Time: 00:01:37

Health: 0/30       AC:  3    Str: 19    XL:     3   Next: 32%
Magic:  4/4        EV: 11    Int:  9    God:    Lugonu [*.....]
Gold:   49         SH:  0    Dex: 11    Spells: 2/2 levels left

rFire   . . .      SeeInvis +   a - +1 spear
rCold   . . .      Faith    .   (no shield)
rNeg    . . .      Spirit   .   b - +0 leather armour
rPois   .          Reflect  .   (helmet unavailable)
rElec   .          Harm     .   (no cloak)
rCorr   .          Rampage  .   (no gloves)
Will    .....                   (no boots)
Stlth   +.........              (no amulet)
HPRegen 0.10/turn               (no ring)
MPRegen 0.09/turn               (no ring)

@: lethally poisoned (0 -> -9)
A: permanent stasis, dig shafts and tunnels, antennae 3, four strong arms
a: Dig, Shaft Self, Renounce Religion, Depart the Abyss


You were on level 2 of the Dungeon.
You worshipped Lugonu.
Lugonu was aware of your devotion.
You visited 1 branch of the dungeon, and saw 2 of its levels.
You visited the Abyss 1 time.

You collected 49 gold pieces.

Inventory:

Hand Weapons
 a - a +1 spear (weapon)
Missiles
 d - 17 stones (quivered)
Armour
 b - a +0 leather armour (worn)


   Skills:
 + Level 3.8 Fighting
 * Level 3.1 Polearms
 - Level 2.1 Armour
 - Level 0.8 Dodging
 - Level 2.1 Invocations


You had 2 spell levels left.
You didn't know any spells.
Your spell library was empty.

Dungeon Overview and Level Annotations

Branches:
Dungeon (2/15)

Altars:


Innate Abilities, Weirdness & Mutations

You cannot be hasted, slowed, berserked, paralysed or teleported.
You can dig through walls and to a lower floor.
You have a pair of large antennae on your head. (SInv)
Your four strong arms can wield two-handed weapons with a shield.


Message History

The adder bites you but does no damage.
You barely miss the adder.
The adder is lightly wounded.
The adder barely misses you. The adder bites you.
You barely miss the adder.
The adder is lightly wounded.
The adder bites you.
You barely miss the adder.
The adder is lightly wounded.
The adder bites you but does no damage.
A hobgoblin comes into view.
The hobgoblin shouts!
You miss the adder.
The adder is lightly wounded.
The adder bites you. The hobgoblin barely misses you.
You closely miss the adder.
The adder is lightly wounded.
The adder closely misses you. The hobgoblin hits you. The adder bites you.
You are poisoned.
The adder poisons you!
Okay, then.
Okay, then.
As you read the scroll labelled DEUGAMMOEH, it crumbles to dust.
It is a scroll of identify.
You don't have any unidentified items.
You feel sick. The adder closely misses you. The hobgoblin barely misses you.
You puncture the adder!
The adder is severely wounded.
You feel sick. The adder bites you.
You are lethally poisoned!
The adder poisons you! The hobgoblin hits you.
* * * LOW HITPOINT WARNING * * *
Unknown command.
You hit the adder.
You kill the adder!
Lugonu accepts your kill.
* * * LOW HITPOINT WARNING * * *
You feel very sick. The hobgoblin hits you.
You die...

#. #? {#. #.
#. #.####
#.#†...#
#...@# #..g##
#... #...
#... ####
#.###########
...........<#


You could see a hobgoblin.

Vanquished Creatures
  An adder (D:2)
  A ball python (D:1)
  2 endoplasms (D:1)
  3 goblins (D:1)
  4 hobgoblins (D:1)
  4 jackals (D:1)
  2 quokkas (D:1)
  2 bats (D:1)
  4 kobolds (D:1)
  2 rats (D:1)
25 creatures vanquished.

Vanquished Creatures (others)
  5 toadstools (D:2)
5 creatures vanquished.

Grand Total: 30 creatures vanquished

Notes
Turn   | Place    | Note
-------+----------+-------------------------------------------
     0 | Abyss:1  | oldriver the Formicid Abyssal Knight began the quest for
                  | the Orb.
     0 | Abyss:1  | Reached XP level 1. HP: 18/18 MP: 2/2
    12 | Abyss:1  | Found a hide-covered altar of Uskayaw.
    40 | D:1      | Escaped the Abyss
   318 | D:1      | Reached XP level 2. HP: 24/24 MP: 3/3
   485 | D:1      | Reached * piety under Lugonu
   681 | D:1      | Found a faded altar of an unknown god.
   741 | D:1      | You fall into a shaft and drop 1 floor!
   783 | D:1      | Reached XP level 3. HP: 30/30 MP: 4/4
  1450 | D:2      | Slain by a hobgoblin

Illustrated notes

Levels and vault maps discovered:
D:1:      psy_arrival_radial02, layout_loops_corners,
          ebering_ecumenical_altar_mist
D:2:      layout_basic, basic_altar, minmay_gold_behind_fungi

Skill      XL: |  1  2  3 |
---------------+----------+-----
Polearms       | 3 |  3.1
Fighting       | |  3.8
Armour         | |  2.1
Dodging        | |  0.8
Invocations    | |  2.1

Action                   || total
-------------------------++-------
Melee: Spear             ||    87
Throw: Stone             ||     8
Invok: Depart the Abyss  ||     1
 Abil: Dig               ||     1
  Use: Scroll            ||     1
Armor: Leather armour    ||    17
Dodge: Dodged            ||    33
